 Dungeon Crawl Stone Soup version 0.31.0-12-g77e489cdc1 (webtiles) character file.

Game seed: 6670152964132240742

6876 Name63 the Destroyer (level 11, -2/81 HPs)
             Began as a Gnoll Conjurer on Feb 26, 2024.
             Was an Elder of Lugonu.
             Slain by a purple ugly thing (16 damage)
             ... on level 9 of the Dungeon.
             The game lasted 00:16:17 (9970 turns).

Name63 the Destroyer (Gnoll Conjurer)               Turns: 9970, Time: 00:16:18

Health: -2/81      AC:  5    Str:  6    XL:     11   Next: 6%
Magic:  18/32      EV: 15    Int: 21    God:    Lugonu [****..]
Gold:   588        SH:  6    Dex: 18    Spells: 15/26 levels left

rFire   + . .        s - +4 hand axe of Beogh's Outrage {spect, rF+ Dex+6}
rCold   . . .        y - +0 buckler
rNeg    . . .        N - +0 leather armour
rPois   .            (no helmet)
rElec   .            (no cloak)
rCorr   .            q - +0 pair of gloves
SInv    .            (no boots)
Will    +....        A - amulet of regeneration
Stlth   ++++         i - ring of willpower
HPRegen 1.13/turn    z - ring of magical power
MPRegen 0.23/turn

%: no passive effects
@: lethally poisoned (-2 -> -3), about to teleport
A: fangs 1, strong nose, distributed training
a: Renounce Religion, Depart the Abyss, Banish, Corrupt


You were on level 9 of the Dungeon.
You worshipped Lugonu.
Lugonu was greatly pleased with you.
You visited 2 branches of the dungeon, and saw 10 of its levels.
You also visited: Bailey.

You collected 588 gold pieces.

Inventory:

Hand Weapons
 a - the +5 war axe of the Endless March {antimagic, rN++ Int-5}
   (You found it on level 3 of the Dungeon)

   Int-5:     It affects your intelligence (-5).
   rN++:      It greatly protects you from negative energy.
 e - a +2 rapier of venom
 l - a +2 flail of pain
 s - the +4 hand axe of Beogh's Outrage (weapon) {spect, rF+ Dex+6}
   (You found it on level 4 of the Dungeon)

   Dex+6:     It affects your dexterity (+6).
   rF+:       It protects you from fire.
 w - a +2 dagger of venom
Missiles
 r - 13 poisoned darts
 O - 6 javelins
Armour
 q - a +0 pair of gloves (worn)
 y - a +0 buckler (worn)
 N - a +0 leather armour (worn)
Magical Staves
 K - a staff of fire
Jewellery
 i - a ring of willpower (left hand)
 u - a ring of resist corrosion
 z - a ring of magical power (right hand)
 A - an amulet of regeneration (around neck)
Wands
 c - a wand of flame (16)
 G - a wand of paralysis (13)
 H - a wand of light (7)
Scrolls
 g - a scroll of summoning
 h - 9 scrolls of teleportation
 k - 3 scrolls of immolation
 m - 4 scrolls of fear
 o - 2 scrolls of revelation
 p - a scroll of vulnerability {unknown}
 t - 4 scrolls of blinking {unknown}
 D - a scroll of amnesia {unknown}
 F - a scroll of enchant armour {unknown}
 J - a scroll of fog {unknown}
 L - a scroll of brand weapon {unknown}
Potions
 b - a potion of magic
 d - 3 potions of resistance
 f - 2 potions of haste {unknown}
 j - 4 potions of lignification
 n - 3 potions of heal wounds
 v - 3 potions of enlightenment {unknown}
 x - 4 potions of degeneration {unknown}
 B - a potion of mutation {unknown}
 C - a potion of curing
 E - a potion of might {unknown}
 I - a potion of berserk rage {unknown}
 M - 2 potions of attraction {unknown}


   Skills:
 + Level 6.1 Fighting
 + Level 6.1 Short Blades
 + Level 6.1 Long Blades
 + Level 6.1 Axes
 + Level 6.1 Maces & Flails
 + Level 6.1 Polearms
 + Level 6.1 Staves
 + Level 6.1 Ranged Weapons
 + Level 6.1 Throwing
 + Level 6.1 Armour
 + Level 7.7 Dodging
 + Level 7.5 Stealth
 + Level 6.1 Shields
 + Level 6.1 Unarmed Combat
 + Level 8.0 Spellcasting
 + Level 8.8 Conjurations
 + Level 5.1 Hexes
 + Level 5.1 Summonings
 + Level 5.1 Necromancy
 + Level 5.1 Translocations
 + Level 5.1 Fire Magic
 + Level 5.1 Ice Magic
 + Level 5.1 Air Magic
 + Level 5.1 Earth Magic
 + Level 5.1 Alchemy
 + Level 6.7 Invocations
 + Level 6.1 Evocations
 + Level 5.6 Shapeshifting


You had 15 spell levels left.
You knew the following spells:

 Your Spells              Type           Power      Damage    Failure   Level
b - Searing Ray           Conj           90%        2d7       1%          2
c - Fulminant Prism       Conj/Alch      18%        3d10      10%         4
d - Iskenderun's Mystic   Conj/Tloc      37%        2d9       10%         4
Z - Magic Dart            Conj           100%       1d8       1%          1

Your spell library contained the following spells:

 Spells                   Type           Power      Damage    Failure   Level
 Apportation              Tloc           58%        N/A       2%          1
 Freeze                   Ice            100%       1d10      2%          1
 Jinxbite                 Hex            58%        N/A       3%          2
 Lesser Beckoning         Tloc           58%        N/A       3%          2
 Hailstorm                Conj/Ice       37%        3d9       3%          3
 Frozen Ramparts          Ice            58%        1d9       7%          3
 Gell's Gravitas          Tloc           29%        N/A       7%          3
 Teleport Other           Tloc           29%        N/A       7%          3
 Alistair's Intoxication  Alch           19%        N/A       52%         5


Dungeon Overview and Level Annotations

Branches:
Dungeon (9/15)             Temple (1/1) D:5            Lair (0/5) D:8
 Bailey (visited)
    Orc: D:9-12

Altars:
Ashenzari
Cheibriados
Elyvilon
Fedhas
Gozag
Hepliaklqana
Kikubaaqudgha
Makhleb
Nemelex Xobeh
Okawaru
Qazlal
Ru
Sif Muna
Trog
Uskayaw
Vehumet
Wu Jian
Xom
Yredelemnul
Zin
Lugonu

Shops:
D:2 [   D:5 :   D:8 (   D:9 [

Annotations:
D:7 Joseph


Innate Abilities, Weirdness & Mutations

You have very sharp teeth.
Your uncanny sense of smell can sniff out nearby items.
Your experience applies equally to all skills.


Message History

The orc warrior is almost dead.
The searing ray hits the wyvern!
You kill the wyvern!
Lugonu accepts your kill.
The searing ray hits the troll!
The troll is moderately wounded.
You finish channelling your searing ray.
You feel very sick. The hornet stings you!
You suddenly lose the ability to move!
Your Spellcasting skill increases to level 8!
You feel yourself speed up.
You feel very sick. The hornet stings you!
* * * LOW HITPOINT WARNING * * *
You feel yourself slow down.
An orc wizard comes into view. It is wielding a +0 dagger.
You can move again.
A purple ugly thing comes into view.
Unknown command.
Casting: Searing Ray (safe; 1% risk of failure)
Confirm with . or Enter, or press ? or * to list all spells.
You erupt in a blast of force!
The mystic blast hits the orc warrior.
You kill the orc warrior!
Lugonu accepts your kill.
The mystic blast hits the purple ugly thing.
The purple ugly thing is lightly wounded.
The purple ugly thing is knocked back by the mystic blast.
The purple ugly thing slams into the stone wall!
The purple ugly thing is lightly wounded.
You feel yourself speed up.
You feel very sick.
You hear an angry buzzing noise.
The orc wizard gestures wildly while chanting.
The orc wizard flickers and vanishes!
Deactivating autopickup; reactivate with Ctrl-A.
Unknown command.
As you read the scroll of teleportation, it crumbles to dust.
You feel strangely unstable.
You feel sick. The purple ugly thing headbutts you!
You die...

#.....#......#.....
#.....#......#.....
#.....#......#.....
###.....#......#.....
#.......#......#.....
#.......#...####
#...........#
#.........### ##
#...@####..... #.
.....###uKT##....# #.
.... ∆y##Y.#....# ..
... ∆∆ ∆ {#.#### .. ∆
∆∆ #.. .. ∆ ∆ .# .. ∆
.. ∆∆


You could see a purple ugly thing, a yak (wandering, blind, unable to see you),
a troll and a kobold brigand.

Vanquished Creatures
  A two-headed ogre (Bailey)
  3 kobold demonologists (D:9)
  3 spriggans (Bailey)
  A wyvern (D:9)
  5 yaks (D:8)
  A steam dragon (Bailey)
  Edmund (D:4)
  2 water moccasins
  2 black bears (D:7)
  2 orc warriors
  An ice beast (D:7)
  10 ogres
  3 centaurs
  3 phantoms (D:5)
  Blork the orc (D:4)
  6 bullfrogs
  4 scorpions
  5 wights
  3 killer bees (D:9)
  An electric eel (D:7)
  4 howler monkeys
  4 bombardier beetles
  A jelly (D:5)
  2 gnoll boudas
  An orc priest (D:8)
  5 hounds
  2 iguanas (D:6)
  6 orc wizards
  6 gnolls
  6 adders
  A shadow imp (D:5)
  A white imp (D:7)
  2 ufetubi (D:5)
  7 dart slugs
  A ribbon worm (D:2)
  12 orcs
  7 bats
  11 endoplasms
  3 giant cockroaches
  5 goblins
  6 hobgoblins
  6 jackals
  3 quokkas
  7 ball pythons
  4 frilled lizards
  7 kobolds
  6 rats
184 creatures vanquished.

Vanquished Creatures (collateral kills)
  3 goblins (D:7)
3 creatures vanquished.

Vanquished Creatures (others)
  11 fulminant prisms
11 creatures vanquished.

Grand Total: 198 creatures vanquished

Notes
Turn   | Place    | Note
-------+----------+-------------------------------------------
     0 | D:1      | Name63 the Gnoll Conjurer began the quest for the Orb.
     0 | D:1      | Reached XP level 1. HP: 13/13 MP: 6/6
     3 | D:1      | Noticed an electric eel
     4 | D:1      | Noticed an electric eel
    85 | D:1      | Reached XP level 2. HP: 19/19 MP: 0/7
    91 | D:1      | Learned a level 2 spell: Searing Ray
   565 | D:1      | Reached skill level 5 in Spellcasting
   565 | D:1      | Reached XP level 3. HP: 25/25 MP: 3/9
   679 | D:1      | Found a faded altar of an unknown god.
   697 | D:1      | Prayed at the altar of an unknown god.
   697 | D:1      | Became a worshipper of Lugonu the Unformed
   697 | D:1      | Reached * piety under Lugonu
  1110 | D:2      | Reached skill level 1 in Invocations
  1212 | D:2      | Found Iniorph's Antique Armour Emporium.
  1460 | D:2      | Reached skill level 1 in Fighting
  1460 | D:2      | Reached skill level 1 in Short Blades
  1460 | D:2      | Reached skill level 1 in Long Blades
  1460 | D:2      | Reached skill level 1 in Axes
  1460 | D:2      | Reached skill level 1 in Maces & Flails
  1460 | D:2      | Reached skill level 1 in Polearms
  1460 | D:2      | Reached skill level 1 in Staves
  1460 | D:2      | Reached skill level 1 in Ranged Weapons
  1460 | D:2      | Reached skill level 1 in Throwing
  1460 | D:2      | Reached skill level 1 in Armour
  1460 | D:2      | Reached skill level 1 in Shields
  1460 | D:2      | Reached skill level 1 in Unarmed Combat
  1460 | D:2      | Reached skill level 1 in Evocations
  1888 | D:2      | Reached skill level 1 in Shapeshifting
  1888 | D:2      | Reached XP level 4. HP: 32/32 MP: 7/11
  2062 | D:3      | Learned a level 4 spell: Fulminant Prism
  2067 | D:3      | Learned a level 4 spell: Iskenderun's Mystic Blast
  2084 | D:3      | Reached ** piety under Lugonu
  2575 | D:3      | Reached skill level 1 in Hexes
  2575 | D:3      | Reached skill level 1 in Summonings
  2575 | D:3      | Reached skill level 1 in Necromancy
  2575 | D:3      | Reached skill level 1 in Translocations
  2575 | D:3      | Reached skill level 1 in Fire Magic
  2575 | D:3      | Reached skill level 1 in Ice Magic
  2575 | D:3      | Reached skill level 1 in Air Magic
  2575 | D:3      | Reached skill level 1 in Earth Magic
  2575 | D:3      | Reached skill level 1 in Alchemy
  2712 | D:3      | Identified the +5 war axe of the Endless March {antimagic,
                  | rN++ Int-5}
  3078 | D:4      | Noticed Edmund
  3094 | D:4      | Killed Edmund
  3095 | D:4      | Reached XP level 5. HP: 10/38 MP: 2/12
  3221 | D:4      | Identified the +4 hand axe of Beogh's Outrage {spect, rF+
                  | Dex+6}
  3295 | D:4      | Noticed Blork the orc
  3303 | D:4      | Killed Blork the orc
  3304 | D:4      | Reached skill level 5 in Dodging
  3304 | D:4      | Reached XP level 6. HP: 30/44 MP: 4/14
  3506 | D:4      | You fall into a shaft and drop 2 floors!
  3697 | D:6      | Reached XP level 7. HP: 44/50 MP: 11/15
  3794 | D:6      | Reached skill level 5 in Stealth
  4054 | D:6      | Reached XP level 8. HP: 53/58 MP: 11/16
  4390 | D:6      | Reached *** piety under Lugonu
  4527 | D:6      | Found a burning altar of Makhleb.
  4742 | D:5      | Entered Level 5 of the Dungeon
  4742 | D:5      | Found a staircase to the Ecumenical Temple.
  4856 | D:5      | Found a hide-covered altar of Uskayaw.
  4859 | D:5      | Found a bloodstained altar of Trog.
  4873 | D:5      | Found a radiant altar of Vehumet.
  4876 | D:5      | Found a blossoming altar of Fedhas.
  5221 | D:5      | Found Conedghoi's Tremendous Tomes.
  5360 | Temple   | Entered the Ecumenical Temple
  6048 | D:5      | Reached XP level 9. HP: 63/65 MP: 18/18
  6906 | D:7      | Found a broken altar of Ashenzari.
  6923 | D:7      | Found a flagged portal.
  6941 | D:7      | Noticed Joseph
  7093 | Bailey   | Entered a bailey
  7160 | Bailey   | Reached skill level 5 in Invocations
  7371 | Bailey   | Identified the +4 broad axe of the Dwarven Hall {heavy,
                  | Str+3}
  7378 | Bailey   | Reached skill level 5 in Fighting
  7378 | Bailey   | Reached skill level 5 in Short Blades
  7378 | Bailey   | Reached skill level 5 in Long Blades
  7378 | Bailey   | Reached skill level 5 in Axes
  7378 | Bailey   | Reached skill level 5 in Maces & Flails
  7378 | Bailey   | Reached skill level 5 in Polearms
  7378 | Bailey   | Reached skill level 5 in Staves
  7378 | Bailey   | Reached skill level 5 in Ranged Weapons
  7378 | Bailey   | Reached skill level 5 in Throwing
  7378 | Bailey   | Reached skill level 5 in Armour
  7378 | Bailey   | Reached skill level 5 in Shields
  7378 | Bailey   | Reached skill level 5 in Unarmed Combat
  7378 | Bailey   | Reached skill level 5 in Evocations
  7378 | Bailey   | Reached XP level 10. HP: 74/74 MP: 17/20
  7445 | Bailey   | Noticed a two-headed ogre
  7455 | Bailey   | Killed a two-headed ogre
  7464 | Bailey   | Identified the +3 quarterstaff of Barnacled Watchfulness
                  | {drain, Dex+2}
  7670 | D:7      | Reached **** piety under Lugonu
  8407 | D:8      | Found Ireir's Weapon Emporium.
  8556 | D:8      | Reached skill level 5 in Shapeshifting
  8951 | D:8      | Found a staircase to the Lair.
  9448 | D:9      | Found Huguh's Armour Shop.
  9452 | D:9      | Noticed a kobold demonologist
  9465 | D:9      | Noticed a kobold demonologist
  9465 | D:9      | Noticed a kobold demonologist
  9474 | D:9      | Killed a kobold demonologist
  9475 | D:9      | Killed a kobold demonologist
  9475 | D:9      | Killed a kobold demonologist
  9856 | D:9      | Reached skill level 5 in Hexes
  9856 | D:9      | Reached skill level 5 in Summonings
  9856 | D:9      | Reached skill level 5 in Necromancy
  9856 | D:9      | Reached skill level 5 in Translocations
  9856 | D:9      | Reached skill level 5 in Fire Magic
  9856 | D:9      | Reached skill level 5 in Ice Magic
  9856 | D:9      | Reached skill level 5 in Air Magic
  9856 | D:9      | Reached skill level 5 in Earth Magic
  9856 | D:9      | Reached skill level 5 in Alchemy
  9857 | D:9      | Reached XP level 11. HP: 68/81 MP: 16/22
  9967 | D:9      | Paralysed by a hornet for 2 turns
  9969 | D:9      | Noticed a purple ugly thing
  9970 | D:9      | Slain by a purple ugly thing

Illustrated notes

Levels and vault maps discovered:
D:1:      arrival_aquarium_b, layout_loops_ring, basic_ecumenical_altar,
          hangedman_decor_peaks_small, chequers_mini_garden, bh_walls_and_bars
D:2:      layout_loops_ring, serial_shops, nicolae_shop_overgrown_old_shop
D:3:      layout_basic
D:4:      layout_loops_cross, uniq_blork_the_orc, uniq_edmund
D:5:      minmay_inner_zag, layout_basic, nicolae_overflow_macrodata_refinement,
          minmay_temple_entry_mini_moons, nicolae_shop_i_like_big_books
D:6:      layout_loops_ring, kennysheep_little_box, dk_vineyard_1
D:7:      layout_cave_pods, evilmike_ruin_ashenzari, enter_bailey_5,
          kennysheep_pointless_box, uniq_joseph
D:8:      layout_basic, lair_entry_dummy, serial_shops,
          nicolae_shop_bloodbath_and_beyond
D:9:      layout_irregular_city, serial_shops, nicolae_shop_stone,
          minmay_alternating_orb
Temple:   nicolae_temple_great_sept

Skill      XL: |  1  2  3  4  5  6  7  8  9 10 11 |
---------------+----------------------------------+-----
Spellcasting   | 5 6 7 8 |  8.0
Invocations    | 1 2 3 4 5 6 |  6.7
Fighting       | 1 2 3 5 6 |  6.1
Short Blades   | 1 2 3 5 6 |  6.1
Long Blades    | 1 2 3 5 6 |  6.1
Axes           | 1 2 3 5 6 |  6.1
Maces & Flails | 1 2 3 5 6 |  6.1
Polearms       | 1 2 3 5 6 |  6.1
Staves         | 1 2 3 5 6 |  6.1
Ranged Weapons | 1 2 3 5 6 |  6.1
Throwing       | 1 2 3 5 6 |  6.1
Armour         | 1 2 3 5 6 |  6.1
Shields        | 1 2 3 5 6 |  6.1
Unarmed Combat | 1 2 3 5 6 |  6.1
Evocations     | 1 2 3 5 6 |  6.1
Shapeshifting  | 1 2 3 4 5 |  5.6
Hexes          | 1 2 3 4 5 |  5.1
Summonings     | 1 2 3 4 5 |  5.1
Necromancy     | 1 2 3 4 5 |  5.1
Translocations | 1 2 3 4 5 |  5.1
Fire Magic     | 1 2 3 4 5 |  5.1
Ice Magic      | 1 2 3 4 5 |  5.1
Air Magic      | 1 2 3 4 5 |  5.1
Earth Magic    | 1 2 3 4 5 |  5.1
Alchemy        | 1 2 3 4 5 |  5.1
Dodging        | 5 6 7 |  7.7
Stealth        | 5 6 7 |  7.5
Conjurations   | 8 |  8.8

Action                     |  1- 3 |  4- 6 |  7- 9 | 10-12 || total
---------------------------+-------+-------+-------+-------++-------
  Melee: Unarmed           |     1 |       |       |       ||     1
         Spear             |    15 |     1 |       |       ||    16
         Bite              |     3 |     1 |     4 |     7 ||    15
         Hand axe          |       |     3 |    29 |    41 ||    73
         Punch             |       |       |     1 |       ||     1
   Cast: Magic Dart        |    82 |    51 |       |       ||   133
         Searing Ray       |     1 |    11 |    57 |    24 ||    93
         Iskenderun's Myst |       |     1 |     3 |    10 ||    14
         Fulminant Prism   |       |       |     7 |     4 ||    11
  Evoke: Wand              |       |       |       |     1 ||     1
    Use: Scroll            |       |     3 |     6 |     1 ||    10
         Potion            |       |     2 |       |       ||     2
   Stab: Sleeping          |     1 |     1 |     2 |     2 ||     6
         Distracted        |       |       |       |     3 ||     3
 Armour: Robe              |    12 |    17 |    45 |    27 ||   101
         Leather armour    |       |       |       |    17 ||    17
  Dodge: Dodged            |    12 |    16 |    77 |    43 ||   148
  Block: Buckler           |       |       |    21 |    17 ||    38
